 Dungeon Crawl Stone Soup version 0.22.1 (webtiles) character file.

445 Zhenya24pyc the Cudgeler (level 7, -3/44 HPs)
             Began as a Gargoyle Fighter on Sept 18, 2018.
             Slain by an ogre
             ... wielding a +0 giant spiked club
              (5 damage)
             ... on level 4 of the Dungeon.
             The game lasted 00:05:14 (2408 turns).

Zhenya24pyc the Cudgeler (Gargoyle Fighter)         Turns: 2408, Time: 00:05:15

Health: -3/44      AC: 12    Str: 22    XL:     7   Next: 3%
Magic:  7/7        EV:  6    Int:  8    God:
Gold:   229        SH: 14    Dex:  9    Spells: 6/6 levels left

rFire    . . .     SeeInvis .   a - +0 flail
rCold    . . .     Gourm    .   g - +0 large shield
rNeg     + . .     Faith    .   b - +0 scale mail
rPois    ∞         Spirit   .   t - +0 helmet
rElec    +         Reflect  .   (no cloak)
rCorr    .         Harm     .   (no gloves)
MR       .....                  (no boots)
Stlth    ..........             (no amulet)
HPRegen  0.14/turn              (no ring)
MPRegen  0.10/turn              (no ring)

@: no status effects
A: negative energy resistance 1, electricity resistance, unbreathing,
petrification resistance, rot immunity, AC +4
a: no special abilities


You were on level 4 of the Dungeon.
You were not hungry.

You visited 1 branch of the dungeon, and saw 4 of its levels.

You collected 229 gold pieces.

Inventory:

Hand Weapons
 a - a +0 flail (weapon)
Armour
 b - a +0 scale mail (worn)
 c - a +0 shield
 g - a +0 large shield (worn)
 t - a +0 helmet (worn)
Wands
 u - a wand of iceblast (8)
Scrolls
 e - a scroll of random uselessness {unknown}
 i - 3 scrolls of enchant armour {unknown}
 j - 2 scrolls of remove curse {unknown}
 l - 2 scrolls of magic mapping {unknown}
 m - 3 scrolls of teleportation {unknown}
 o - 2 scrolls of amnesia {unknown}
 r - 2 scrolls of identify {unknown}
Potions
 d - a potion of might
 h - 2 potions of heal wounds {unknown}
 n - a potion of curing {unknown}
 p - 2 potions of degeneration {unknown}
 q - a potion of invisibility {unknown}
 s - a potion of brilliance {unknown}
 v - a potion of haste {unknown}
Comestibles
 f - 6 rations
 k - 5 chunks of flesh


   Skills:
 + Level 4.8 Fighting
 * Level 5.8 Maces & Flails
 - Level 3.2 Armour
 + Level 2.1 Dodging
 - Level 3.2 Shields


You had 6 spell levels left.
You didn't know any spells.
Your spell library was empty.

Dungeon Overview and Level Annotations

Branches:
Dungeon (4/15)
 Temple: D:4-7

Altars:
Ashenzari
Trog


Innate Abilities, Weirdness & Mutations

You are resistant to torment.
Your stone body is resilient. (AC +4)
You are immune to poison.
You resist negative energy. (rN+)
You are resistant to electric shocks. (rElec)
You can survive without breathing.
You are immune to petrification.
You are immune to rotting.


Message History

The orc shouts!
You hear a shout!
You block the orc's attack.
The orc moves out of view.
Found a stone staircase leading down.
You hit the orc.
You kill the orc!
You block the ogre's attack.
An orc comes into view.
You barely miss the orc. The orc hits you with a short sword.
* * * LOW HITPOINT WARNING * * *
You block the ogre's attack. The orc hits you but does no damage.
You barely miss the orc.
An orc comes into view. It is wielding a dagger.
You block the ogre's attack. The orc hits you with a short sword.
* * * LOW HITPOINT WARNING * * *
You barely miss the orc.
An orc wizard comes into view. It is wielding a dagger.
The orc hits you with a short sword.
* * * LOW HITPOINT WARNING * * *
The ogre hits you with a giant spiked club.
You die... ........... ....................... >..................... ......... ........... ..o.... ..<........ oo... .........## oo.

##.##..### #o#
#.##..### #@# #.
#.#..#... #O#
#.###.#..).## #.#
#......))###
#.#######...#.#
#....# ##...#.#
######.# #....#.####
#......###.#........
#..........#.#......
#...................


You could see an ogre, an orc priest, an orc wizard and 4 orcs.

Vanquished Creatures
  2 scorpions (D:4)
  A howler monkey (D:2)
  An orc wizard (D:4)
  A bullfrog skeleton (D:4)
  2 worker ants (D:4)
  A hound skeleton (D:4)
  3 gnolls (D:2)
  9 adders
  2 worms
  3 dart slugs
  11 orcs
  5 giant cockroaches
  9 goblins
  7 hobgoblins
  5 bats
  6 frilled lizards
  A jackal zombie (D:4)
  7 kobolds
  2 quokka skeletons (D:4)
  3 rats
81 creatures vanquished.

Notes
Turn   | Place    | Note
-------+----------+-------------------------------------------
     0 | D:1      | Zhenya24pyc the Gargoyle Fighter began the quest for the
                  | Orb.
     0 | D:1      | Reached XP level 1. HP: 14/14 MP: 1/1
   131 | D:1      | Reached XP level 2. HP: 15/20 MP: 2/2
   608 | D:1      | Reached XP level 3. HP: 22/24 MP: 3/3
   893 | D:2      | Reached skill level 3 in Maces & Flails
   943 | D:2      | Reached XP level 4. HP: 24/29 MP: 4/4
  1092 | D:2      | Found a shattered altar of Ashenzari.
  1133 | D:2      | Found a bloodstained altar of Trog.
  1206 | D:2      | Reached XP level 5. HP: 31/34 MP: 5/5
  1223 | D:2      | Reached skill level 4 in Maces & Flails
  1366 | D:2      | Reached skill level 1 in Dodging
  2025 | D:4      | Reached skill level 5 in Maces & Flails
  2025 | D:4      | Reached XP level 6. HP: 37/39 MP: 6/6
  2342 | D:4      | Reached XP level 7. HP: 33/44 MP: 7/7
  2364 | D:4      | HP: 2/44 [ogre/giant spiked club (19)]
  2408 | D:4      | HP: 2/44 [orc/short sword (2)]
  2408 | D:4      | Slain by an ogre

Skill      XL: |  1  2  3  4  5  6 |
---------------+-------------------+-----
Fighting       | 4 |  4.8
Maces & Flails | 3 5 |  5.8
Dodging        | 1 2 |  2.1
Armour         | |  3.2
Shields        | |  3.2

Action                   |  1- 3 |  4- 6 |  7- 9 || total
-------------------------+-------+-------+-------++-------
Melee: Flail             |   126 |   233 |    11 ||   370
  Eat: Chunk             |       |     5 |     1 ||     6
Armor: Scale mail        |    88 |   120 |       ||   208
Dodge: Dodged            |    39 |    56 |     1 ||    96
Block: Shield            |    23 |       |       ||    23
       Large shield      |   109 |   198 |     8 ||   315
